AoeStats
← Pervaris

Arabia

510446977Analyzed
1v1 RM · 13h ago on Oct 1, 2026· 28m 30s· 2 players
Game mode
Random Map
Map size
Tiny (2 player)
Population
200
Speed
Normal
Resources
Standard
Victory
Conquest
Starting age
Dark Age
Ending age
Imperial Age
RankedLock teamsTeams togetherTeam positionsShared explorationLock speedFull tech treeHidden civsTurbo modeCheats
Victory
Defeat
🇩🇰 Danes · Denmark
1095
+16
🇺🇸 Byzantines · United States
1105
-16
Pervaris
10:08 Feudal Age
10:40 Double-Bit Axe
13:39 Horse Collar
18:28 Castle Age
17:33 Scale Mail Armor
17:55 Forging
18:17 Gold Mining
19:49 Chain Mail Armor
20:25 Bow Saw
24:50 Hamask
27:45 Squires
real_Eli_Manning
6:33 Loom
10:24 Feudal Age
10:57 Double-Bit Axe
20:14 Castle Age
18:40 Horse Collar
18:53 Fletching
20:41 Crossbowman
21:18 Bodkin Arrow
21:38 Padded Archer Armor
22:51 Wheelbarrow
25:23 Light Cavalry
Connection lost

Rejoining the realm…

Still unreachable

The connection could not be restored.

Session expired

The server has moved on; the page needs a fresh start.